 Dungeon Crawl Stone Soup version 0.18.1-50-g88ac8fd (webtiles) character file.

3257 Nordron the Sneak (level 10, 0/51 HPs)
             Began as a Vine Stalker Enchanter on Sept 22, 2016.
             Was an Elder of Vehumet.
             Succumbed to a killer bee's poison
             ... on level 8 of the Dungeon.
             The game lasted 01:24:13 (5048 turns).

Nordron the Sneak (Vine Stalker Enchanter)          Turns: 5048, Time: 01:24:14

Health: 0/51       AC:  7    Str: 18    XL:     10   Next: 0%
Magic:  15/17      EV: 21    Int: 17    God:    Vehumet [****..]
Gold:   226        SH:  0    Dex: 20    Spells: 5 memorised, 8 levels left

rFire  + . .     SeeInvis .     l - +4 spear (pierce)
rCold  . . .     Gourm    +     E - +1 leather armour {rF+}
rNeg   . . .     Faith    .     (no shield)
rPois  .         Spirit   +     k - +1 helmet
rElec  .         Dismiss  .     (no cloak)
rCorr  .         Reflect  .     e - +0 pair of gloves
SustAt .         Harm     .     (no boots)
MR     +....                    q - amulet of the gourmand
Stlth  ++........               (no ring)
                                h - +6 ring of strength

@: confused, agile, lethally poisoned (0 -> -19), somewhat resistant to hostile
enchantments, unstealthy
A: fangs 3, regeneration 2, magic shield, antimagic bite, no device heal 3, rot
immunity
a: Renounce Religion


You were on level 8 of the Dungeon.
You worshipped Vehumet.
Vehumet was greatly pleased with you.
You were very full.

You visited 2 branches of the dungeon, and saw 9 of its levels.
You also visited: Ossuary.

You collected 226 gold pieces.

Inventory:

Hand Weapons
 l - a +4 spear of piercing (weapon)
 J - a +2 falchion of holy wrath
 P - a +5 dagger
Armour
 e - a +0 pair of gloves (worn)
 k - a +1 helmet (worn)
 E - a +1 leather armour of fire resistance (worn)
 G - a +1 leather armour of positive energy
Magical Staves
 O - an uncursed staff of summoning
Jewellery
 h - a +6 ring of strength (left hand)
 p - an uncursed ring of ice
 q - an amulet of the gourmand (around neck)
 y - an uncursed amulet of regeneration
Wands
 a - a wand of disintegration (12/24)
 N - a wand of polymorph (9/24)
Scrolls
 b - a scroll of remove curse
 j - a scroll of fog
 m - 3 scrolls of enchant armour
 s - 2 scrolls of enchant weapon
 w - 2 scrolls of magic mapping
 I - a scroll of blinking
 K - a scroll of holy word
 L - 2 scrolls of identify
Potions
 i - a potion of heal wounds
 n - 2 potions of haste
 r - a potion of invisibility {unknown}
 t - a potion of degeneration {unknown}
 u - 2 potions of lignification {unknown}
 v - a potion of might
 x - a potion of mutation {unknown}
 z - a potion of cancellation {unknown}
 D - a potion of cure mutation {unknown}
 F - a potion of flight {unknown}
 H - a potion of magic {unknown}
Books
 c - a book of Maledictions

   Spells                             Type                      Level
   a - Corona                         Hexes                        1
   b - Ensorcelled Hibernation        Hexes/Ice                    2
   c - Confuse                        Hexes                        3
   d - Tukima's Dance                 Hexes                        3
   e - Dazzling Spray                 Conjuration/Hexes            3
 M - a book of the Dragon

   Spells                             Type                      Level
   a - Flame Tongue                   Conjuration/Fire             1
   b - Cause Fear                     Hexes                        4
   c - Bolt of Fire                   Conjuration/Fire             6
   d - Dragon Form                    Transmutation                7
   e - Dragon's Call                  Summoning                    9
 R - Sif Muna's Tome of Changing
   (You found it on level 7 of the Dungeon)

   Spells                             Type                      Level
   a - Beastly Appendage              Transmutation                1
Comestibles
 d - 4 bread rations
 g - 6 fruits
 B - 2 beef jerkies
 C - 3 meat rations


   Skills:
 + Level 4.5 Fighting
 - Level 1.0 Short Blades
 + Level 4.6 Polearms
 + Level 3.5 Armour
 + Level 5.9 Dodging
 + Level 7.8 Stealth
 + Level 4.3 Spellcasting
 + Level 1.1 Conjurations
 + Level 5.0 Hexes
 + Level 1.1 Poison Magic


You had 8 spell levels left.
You knew the following spells:

 Your Spells              Type           Power        Failure   Level  Hunger
a - Corona                Hex            ###....      2%          1    None
b - Sting                 Conj/Pois      #...         4%          1    None
c - Tukima's Dance        Hex            ###.....     10%         3    ###....
d - Dazzling Spray        Conj/Hex       ##....       4%          3    ###....
e - Flame Tongue          Conj/Fire      #....        4%          1    None


Dungeon Overview and Level Annotations

Branches:
Dungeon (8/15)             Temple (1/1) D:5
   Lair: D:8-11

Altars:
Ashenzari
Dithmenos
Elyvilon
Fedhas
Gozag
Kikubaaqudgha
Makhleb
Nemelex Xobeh
Okawaru
Qazlal
Ru
Sif Muna
Trog
Vehumet
Xom
Yredelemnul
Zin
The Shining One

Shops:
D:4 %   D:5 [


Innate Abilities, Weirdness & Mutations

You have razor-sharp teeth.
You heal very quickly.
When hurt, damage is shared between your health and your magic reserves.
Your bite disrupts and absorbs the magic of your enemies.
Potions and wands cannot restore your health.
You are immune to rotting.


Message History

Drink which item? (? for menu, Esc to quit)
Okay, then.
Drink which item? (? for menu, Esc to quit)
Okay, then.
Drink which item? (? for menu, Esc to quit)
You are confused.
You feel invigorated.
Your surroundings suddenly seem different.
* * * LOW HITPOINT WARNING * * *
You feel very sick.
Found 5 gold pieces.
* * * LOW HITPOINT WARNING * * *
You feel very sick.
Drink which item? (? for menu, Esc to quit)
Okay, then.
You're too confused!
Drink which item? (? for menu, Esc to quit)
It was a potion of agility.
You feel agile all of a sudden.
You die...

#.....#
#.....#
#$....#
#.....#
#.....#
#.....#
+.....#
#@....#
#.....#
#.....#
#.....#
#.....#
+.....#
#.....#
#.....#
#.....#


There were no monsters in sight!

Vanquished Creatures
  The ghost of GFox the Fighter, a novice MiFi of Okawaru (D:7)
  Grinder (D:3)
  A hippogriff (D:8)
  A sky beast (D:4)
  A black bear (D:7)
  An ice beast (D:7)
  3 phantoms
  A centaur (D:5)
  The ghost of Drunkenshrew the Shooter, an amateur HEHu (D:3)
  An ogre (D:7)
  A big kobold (D:7)
  2 giant frogs (D:7)
  A water moccasin zombie (D:8)
  2 scorpions
  A killer bee (D:8)
  A howler monkey (D:4)
  3 crimson imps
  A quasit (D:5)
  3 centaur zombies (Ossuary)
  3 hounds
  2 jellies
  5 orc priests
  A giant frog skeleton (D:6)
  5 orc wizards
  2 iguanas
  Natasha (thrice) (D:2 D:4)
  4 worker ants
  2 big kobold zombies (Ossuary)
  A killer bee zombie (D:8)
  A hound skeleton (D:4)
  4 mummies (Ossuary)
  A howler monkey skeleton (D:3)
  5 adders
  A shadow imp (D:6)
  An ooze (D:4)
  A worm zombie (D:5)
  2 worms
  5 giant geckos
  17 orcs
  4 giant cockroaches
  5 goblins
  5 hobgoblins
  8 jackals
  13 kobolds
  4 quokkas
  A ball python (D:4)
  8 bats
  A giant gecko skeleton (D:6)
  3 giant newts
  A hobgoblin zombie (Ossuary)
  A jackal zombie (D:5)
  A kobold zombie (D:5)
  A quokka zombie (D:4)
  5 rats
154 creatures vanquished.

Notes
Turn   | Place    | Note
--------------------------------------------------------------
     0 | D:1      | Nordron the Vine Stalker Enchanter began the quest for the Orb.
     0 | D:1      | Reached XP level 1. HP: 9/9 MP: 4/4
   142 | D:1      | Reached XP level 2. HP: 10/13 MP: 6/6
   681 | D:2      | Noticed Natasha
   685 | D:2      | Reached skill level 1 in Short Blades
   691 | D:2      | Killed Natasha
   691 | D:2      | Reached skill level 4 in Stealth
   691 | D:2      | Reached XP level 3. HP: 16/16 MP: 7/7
   738 | D:2      | Found a radiant altar of Vehumet.
   740 | D:2      | Found a basalt altar of Yredelemnul.
   773 | D:2      | Became a worshipper of Vehumet
   889 | D:2      | Found a stormy altar of Qazlal.
   932 | D:2      | Noticed Natasha
   937 | D:2      | Killed Natasha
   937 | D:2      | Reached XP level 4. HP: 21/21 MP: 8/8
   996 | D:2      | Found an opulent altar of Gozag.
   999 | D:2      | Reached skill level 5 in Stealth
  1190 | D:3      | Reached * piety under Vehumet
  1190 | D:3      | Offered knowledge of Sting by Vehumet.
  1201 | D:3      | Noticed Drunkenshrew's ghost (amateur HEHu)
  1216 | D:3      | Reached XP level 5. HP: 21/25 MP: 9/9
  1256 | D:3      | Killed Drunkenshrew's ghost
  1256 | D:3      | Reached skill level 1 in Fighting
  1291 | D:3      | Reached skill level 1 in Polearms
  1310 | D:3      | Learned a level 1 spell: Sting
  1348 | D:3      | Gained mutation: You heal very quickly. [Vine Stalker growth]
  1348 | D:3      | Reached XP level 6. HP: 19/30 MP: 7/11
  1448 | D:3      | Found an iron altar of Okawaru.
  1533 | D:3      | Noticed Grinder
  1550 | D:3      | Learned a level 3 spell: Tukima's Dance
  1583 | D:3      | Killed Grinder
  1583 | D:3      | Reached skill level 1 in Armour
  1583 | D:3      | Reached XP level 7. HP: 14/34 MP: 12/12
  1974 | D:4      | Reached skill level 1 in Conjurations
  2038 | D:4      | Learned a level 3 spell: Dazzling Spray
  2072 | D:4      | Reached ** piety under Vehumet
  2103 | D:4      | Offered knowledge of Magic Dart by Vehumet.
  2158 | D:4      | Reached skill level 1 in Poison Magic
  2158 | D:4      | Gained mutation: You have razor-sharp teeth. [Vine Stalker growth]
  2158 | D:4      | Reached XP level 8. HP: 35/39 MP: 14/14
  2210 | D:4      | Found Xomen's Food Shop.
  2229 | D:4      | Noticed Natasha
  2237 | D:4      | Killed Natasha
  2356 | D:4      | Reached skill level 6 in Stealth
  2672 | D:5      | Entered Level 5 of the Dungeon
  2676 | D:5      | Found a sand-covered staircase.
  2690 | Ossuary  | Entered an ossuary
  2717 | Ossuary  | Offered knowledge of Ignite Poison by Vehumet.
  2863 | D:5      | Found a shadowy altar of Dithmenos.
  2920 | D:5      | Found Loelorr's Antique Armour Shop.
  2943 | D:5      | Found a staircase to the Ecumenical Temple.
  2953 | Temple   | Entered the Ecumenical Temple
  3086 | D:5      | Found a shimmering altar of Xom.
  3089 | D:5      | Noticed an angel
  3104 | D:5      | Found a glowing silver altar of Zin.
  3127 | D:5      | Reached *** piety under Vehumet
  3611 | D:6      | Reached skill level 7 in Stealth
  3737 | D:6      | Offered knowledge of Static Discharge by Vehumet.
  3740 | D:6      | Learned a level 1 spell: Flame Tongue
  3787 | D:6      | Reached XP level 9. HP: 41/44 MP: 15/15
  3994 | D:7      | Reached skill level 5 in Dodging
  4188 | D:7      | Found a deep blue altar of Sif Muna.
  4310 | D:7      | Noticed GFox's ghost (novice MiFi)
  4538 | D:7      | Found a sacrificial altar of Ru.
  4710 | D:7      | Killed GFox's ghost
  4710 | D:7      | Reached skill level 5 in Hexes
  4822 | D:7      | Identified Sif Muna's Tome of Changing
  4873 | D:8      | Found a sparkling altar of Nemelex Xobeh.
  4918 | D:8      | Reached **** piety under Vehumet
  4924 | D:8      | Reached XP level 10. HP: 35/51 MP: 14/17
  5048 | D:8      | Succumbed to a killer bee's poison

Skill      XL: |  1  2  3  4  5  6  7  8  9 |
---------------+----------------------------+-----
Short Blades   | 1 |  1.0
Stealth        | 4 5 7 |  7.8
Dodging        | 2 3 4 5 |  5.9
Fighting       | 1 2 3 4 |  4.5
Polearms       | 1 2 3 4 |  4.6
Hexes          | 4 5 |  5.0
Armour         | 1 2 3 |  3.5
Spellcasting   | 3 4 |  4.3
Conjurations   | 1 |  1.1
Poison Magic   | 1 |  1.1

Action                   |  1- 3 |  4- 6 |  7- 9 | 10-12 || total
-------------------------+-------+-------+-------+-------++-------
Melee: Dagger            |    23 |       |       |       ||    23
       Bite              |    14 |    29 |   134 |       ||   177
       Spear             |    32 |   129 |   417 |    10 ||   588
 Cast: Corona            |       |     6 |     2 |     1 ||     9
       Sting             |       |     7 |     2 |       ||     9
       Tukima's Dance    |       |     2 |     3 |       ||     5
       Dazzling Spray    |       |       |     3 |     1 ||     4
       Flame Tongue      |       |       |     1 |     1 ||     2
  Use: Scroll            |     3 |       |    15 |     2 ||    20
       Potion            |       |       |     4 |     4 ||     8
 Stab: Sleeping          |     7 |     2 |    11 |       ||    20
       Distracted        |     1 |       |     3 |       ||     4
  Eat: Chunk             |       |     2 |    21 |       ||    23
Armor: Robe              |    11 |    10 |       |       ||    21
       Leather armour    |       |    28 |    71 |    14 ||   113
Dodge: Dodged            |    20 |    72 |   179 |    63 ||   334
